 Dungeon Crawl Stone Soup version 0.19-a0-1786-g230130f (webtiles) character file.

2081 4thArraOfDagon the Grappler (level 9, 56/74 HPs)
             Began as a Troll Wanderer on Oct 3, 2016.
             Was a Believer of Okawaru.
             Quit the game on level 9 of the Dungeon.
             The game lasted 00:12:30 (2501 turns).

4thArraOfDagon the Grappler (Troll Wanderer)        Turns: 2501, Time: 00:12:31

Health: 56/74      AC:  7    Str: 19    XL:     9   Next: 6%
Magic:  12/12      EV: 11    Int: 13    God:    Okawaru [**....]
Gold:   0          SH:  0    Dex: 10    Spells: 0 memorised, 10 levels left

rFire  + . .     SeeInvis .     z - -1 giant spiked club (curse)
rCold  . . .     Gourm    +     d - +1 robe
rNeg   . . .     Faith    .     (shield currently unavailable)
rPois  .         Spirit   .     (helmet restricted)
rElec  .         Dismiss  .     (no cloak)
rCorr  .         Reflect  .     (gloves unavailable)
MR     .....     Harm     .     (boots unavailable)
Stlth  ++........               n - amulet of magic regeneration
                                k - +1 ring of protection
                                a - ring of protection from fire

@: heroism
A: unfitting armour, claws 3, fast metabolism 3, gourmand, regeneration 1,
shaggy fur 1, tough skin 2
a: Heroism, Renounce Religion


You were on level 9 of the Dungeon.
You worshipped Okawaru.
Okawaru was pleased with you.
You were not hungry.

You visited 1 branch of the dungeon, and saw 10 of its levels.

You collected 82 gold pieces.
You spent 82 gold pieces at shops.

Inventory:

Hand Weapons
 f - a +0 dagger
 z - a cursed -1 giant spiked club (weapon)
Missiles
 r - a curare-tipped needle
Armour
 d - a +1 robe (worn)
Jewellery
 a - a ring of protection from fire (left claw)
 k - a +1 ring of protection (right claw)
 n - an amulet of magic regeneration (around neck)
 w - an uncursed ring of wizardry
Scrolls
 c - a scroll of teleportation
 e - a scroll of noise
 m - 2 scrolls of fog
 q - 4 scrolls of magic mapping
 A - a scroll of immolation
Potions
 b - 2 potions of curing
 j - a potion of brilliance {unknown}
 l - a potion of berserk rage {unknown}
 o - 2 potions of haste
 s - a potion of magic {unknown}
 t - a potion of invisibility {unknown}
 x - 2 potions of lignification {unknown}
Comestibles
 g - 3 bread rations
 h - a beef jerky
 p - 2 meat rations


   Skills:
 - Level 2.4(7.4) Stealth
 * Level 10.0(15.0) Unarmed Combat
 - Level 1.0 Spellcasting
   Level 2.0 Charms
   Level 1.0 Ice Magic
 + Level 5.7 Invocations


You had 10 spell levels left.
You didn't know any spells.

Dungeon Overview and Level Annotations

Branches:
Dungeon (10/15)            Temple (0/1) D:5
   Lair: D:8-11         Orc: D:9-12

Altars:
Fedhas
Okawaru
Uskayaw
Xom

Shops:
D:6 ?[}(

Annotations:
D:9 Maurice


Innate Abilities, Weirdness & Mutations

You are too large for most types of armour.
You have claws for hands.
Your metabolism is lightning-fast.
You like to eat raw meat.
Your natural rate of healing is unusually fast.
You are covered in fur. (AC +1)
You have very tough skin. (AC +2)


Message History

You closely miss the jackal.
The jackal bites you but does no damage. x2
The jackal misses you.
You barely miss the jackal. The jackal bites you.
The jackal bites you but does no damage.
You barely miss the jackal.
The jackal bites you but does no damage.
The jackal barely misses you.
You completely miss the jackal. The jackal barely misses you.
The jackal bites you. The jackal barely misses you.
You barely miss the jackal. The jackal completely misses you.
The jackal closely misses you.
You barely miss the jackal. The jackal barely misses you. The jackal bites you.
You barely miss the jackal. The jackal closely misses you.
The jackal barely misses you. The jackal closely misses you.
You closely miss the jackal. The jackal barely misses you. x2
You barely miss the jackal.
The jackal bites you but does no damage.
The jackal bites you.
Are you sure you want to abandon this character and quit the game? (Confirm with "yes".)

.................#
.................#
##.############..#
#.# #######..# #..
.........# ....
.........# ......
.........# .######
########.# .# #@#
.# #h#
.###############h#
.................#
.................#
..#############..#
..# #..# ..# #..#


So# #..# You could see 2 jackals.

Vanquished Creatures
  Grinder (D:6)
  A two-headed ogre (D:8)
  2 water moccasins (D:8)
  A hornet zombie (D:6)
  2 phantoms
  A necrophage (D:9)
  2 ogres
  A centaur (D:6)
  2 bullfrogs (D:6)
  A scorpion (D:9)
  2 killer bees
  2 howler monkeys (D:5)
  A crimson imp (D:5)
  A centaur zombie (D:8)
  A bullfrog zombie (D:7)
  2 orc priests (D:3)
  2 hounds
  A bullfrog skeleton (D:7)
  An iguana (D:7)
  2 orc wizards
  3 worker ants
  4 gnolls (D:8)
  7 adders
  A shadow imp (D:5)
  2 oozes
  An adder zombie (D:9)
  An adder skeleton (D:7)
  3 worms (D:2)
  2 leopard geckos
  10 orcs
  2 giant cockroaches
  5 goblins
  2 hobgoblins
  8 jackals
  4 quokkas
  A ball python zombie (D:5)
  4 bats
  5 frilled lizards
  A jackal skeleton (D:8)
  5 kobolds
  A rat (D:2)
101 creatures vanquished.

Vanquished Creatures (others)
  An orc warrior (D:6)
  A centaur (D:6)
  A leopard gecko skeleton (D:6)
3 creatures vanquished.

Grand Total: 104 creatures vanquished

Notes
Turn   | Place    | Note
-------+----------+-------------------------------------------
     0 | D:1      | 4thArraOfDagon the Troll Wanderer began the quest for the Orb.
     0 | D:1      | 4thArraOfDagon set off with: a book of Minor Magic, a potion of curing, a scroll of teleportation, a +0 robe, a +0 club, a +0 dagger, 2 bread rations
     0 | D:1      | Reached XP level 1. HP: 16/16 MP: 1/1
    46 | D:3      | Noticed an orc priest
    46 | D:3      | Noticed an orc priest
    79 | D:2      | Reached skill level 2 in Unarmed Combat
    79 | D:2      | Reached XP level 2. HP: 8/24 MP: 2/2
   202 | D:3      | Reached skill level 3 in Unarmed Combat
   214 | D:3      | Found an iron altar of Okawaru.
   221 | D:3      | Reached XP level 3. HP: 31/31 MP: 3/3
   266 | D:3      | Became a worshipper of Warmaster Okawaru
   269 | D:3      | Reached XP level 4. HP: 35/39 MP: 4/4
   306 | D:4      | Noticed an ogre
   375 | D:3      | Noticed an ogre
   379 | D:3      | Killed an ogre
   379 | D:3      | Reached skill level 4 in Unarmed Combat
   379 | D:3      | Reached skill level 1 in Invocations
   379 | D:3      | Reached XP level 5. HP: 30/45 MP: 5/5
   383 | D:3      | Reached * piety under Okawaru
   388 | D:3      | Reached skill level 5 in Unarmed Combat
   750 | D:2      | Reached XP level 6. HP: 40/53 MP: 6/6
   901 | D:5      | Entered Level 5 of the Dungeon
   918 | D:5      | Found a staircase to the Ecumenical Temple.
  1001 | D:5      | Reached skill level 6 in Unarmed Combat
  1021 | D:6      | Killed an orc warrior
  1074 | D:6      | Reached XP level 7. HP: 35/59 MP: 8/8
  1108 | D:6      | Found a shimmering altar of Xom.
  1170 | D:6      | Found Beolival's Armour Shop.
  1171 | D:6      | Noticed Grinder
  1175 | D:6      | Reached skill level 7 in Unarmed Combat
  1181 | D:6      | Killed Grinder
  1181 | D:6      | Reached ** piety under Okawaru
  1196 | D:6      | Found Huaxt's Magic Scroll Shop.
  1196 | D:6      | Found Jos Soso's Antique Weapon Shop.
  1198 | D:6      | Found Ilerr's Gadget Shop.
  1230 | D:6      | Bought a scroll of magic mapping for 38 gold pieces
  1230 | D:6      | Bought a scroll of identify for 22 gold pieces
  1230 | D:6      | Bought a scroll of fog for 22 gold pieces
  1256 | D:7      | Reached skill level 8 in Unarmed Combat
  1256 | D:7      | Reached XP level 8. HP: 30/67 MP: 8/10
  1472 | D:7      | Found a hide-covered altar of Uskayaw.
  1589 | D:8      | Noticed a two-headed ogre
  1595 | D:8      | Killed a two-headed ogre
  1595 | D:8      | Reached skill level 9 in Unarmed Combat
  1622 | D:8      | Reached skill level 5 in Invocations
  1724 | D:8      | Identified a scroll of acquirement
  1928 | D:9      | Reached XP level 9. HP: 74/74 MP: 9/12
  2032 | D:10     | Entered Level 10 of the Dungeon
  2032 | D:10     | Noticed Maurice
  2085 | D:9      | Reached skill level 10 in Unarmed Combat
  2426 | D:8      | Found a blossoming altar of Fedhas.
  2501 | D:9      | Quit the game

Vault maps used:
D:1:      dpeg_arrival_refuge, st_stairs_13
D:3:      okawaru_trees_1
D:4:      roderic_batcave, grunt_ministairs_10, bloody_makhleb
D:5:      lemuel_coloured_pillars_altar, first_bread
D:6:      grunt_dithmenos_smoke, marbit_many_paths, serial_shops,
          nicolae_shop_statue_plus, minmay_shop_grid_forest,
          xom_confusion_cloud, uniq_edmund, uniq_grinder
D:7:      eat_drink_and_be_merry_uskayaw
D:8:      lemuel_round_altar
D:9:      david_lair_generic
D:10:     minmay_sliced_demisemicircle, serial_shops, kennysheep_little_box,
          nicolae_shop_overgrown_old_shop, the_bakery, uniq_josephine,
          uniq_maurice, uniq_nergalle

Skill      XL: |  1  2  3  4  5  6  7  8  9 |
---------------+----------------------------+-----
Unarmed Combat | 2 3 4 5 6 8 9 10 | 10.0
Invocations    | 1 2 3 4 5 |  5.7
Stealth        | |  2.4
Spellcasting   | |  1.0
Charms         | |  2.0
Ice Magic      | |  1.0

Action                   |  1- 3 |  4- 6 |  7- 9 || total
-------------------------+-------+-------+-------++-------
Melee: Unarmed           |    34 |   157 |   127 ||   318
       Punch             |       |     1 |     4 ||     5
       Giant spiked club |       |       |   156 ||   156
Invok: Heroism           |       |     1 |    18 ||    19
  Use: Scroll            |       |     1 |    16 ||    17
       Potion            |       |     2 |     3 ||     5
 Stab: Sleeping          |     1 |       |     4 ||     5
       Distracted        |     1 |       |       ||     1
  Eat: Chunk             |     8 |     4 |    10 ||    22
Armor: Robe              |    20 |    52 |   178 ||   250
Dodge: Dodged            |    26 |    77 |   213 ||   316
